 Dungeon Crawl Stone Soup version 0.26.1-11-gd32895ea62 (webtiles) character file.

Game seed: 5157287733387824192

5517 pcat the Thaumaturge (level 10, -2/59 HPs)
             Began as a Deep Elf Earth Elementalist on May 23, 2021.
             Was a Follower of Vehumet.
             Slain by a hornet (16 damage)
             ... on level 8 of the Dungeon on May 24, 2021.
             The game lasted 00:48:23 (14324 turns).

pcat the Thaumaturge (Deep Elf Earth Elementalist) Turns: 14324, Time: 00:48:24

Health: -2/59      AC:  4    Str: 11    XL:     10   Next: 43%
Magic:  2/28       EV: 15    Int: 24    God:    Vehumet [*.....]
Gold:   494        SH:  0    Dex: 15    Spells: 28/34 levels left

rFire    + . .     SeeInvis .   y - +1 short sword (speed)
rCold    + . .     Faith    .   (no shield)
rNeg     . . .     Spirit   .   E - +2 robe {rC+ rF+}
rPois    .         Reflect  .   (no helmet)
rElec    .         Harm     .   (no cloak)
rCorr    .         Rampage  .   (no gloves)
Will     ++...                  (no boots)
Stlth    ++........             (no amulet)
HPRegen  0.19/turn              K - +6 ring of strength
MPRegen  0.21/turn              s - ring of willpower

@: lethally poisoned (-2 -> -5), about to teleport, slowed, very slow
A: no striking features
a: Renounce Religion


You were on level 8 of the Dungeon.
You worshipped Vehumet.
Vehumet was aware of your devotion.
You visited 2 branches of the dungeon, and saw 10 of its levels.
You also visited: Bailey.

You collected 494 gold pieces.

Inventory:

Hand Weapons
 a - a +4 scimitar of flaming
 y - a +1 short sword of speed (weapon)
Missiles
 j - 105 sling bullets
 n - 25 stones
 z - 2 throwing nets
Armour
 c - a +2 robe of resistance
 E - a +2 robe of resistance (worn)
Jewellery
 d - an uncursed ring of protection from fire
 s - a ring of willpower (right hand)
 K - a +6 ring of strength (left hand)
Wands
 m - a wand of acid (16)
 w - a wand of flame (24)
Scrolls
 e - a scroll of enchant armour
 g - 3 scrolls of teleportation
 h - a scroll of fear
 i - 4 scrolls of identify
 k - a scroll of fog {unknown}
 l - 3 scrolls of enchant weapon
 p - 2 scrolls of magic mapping
 t - 2 scrolls of amnesia
 v - 5 scrolls of remove curse
Potions
 b - a potion of invisibility
 f - a potion of lignification
 o - a potion of haste
 q - 2 potions of might
 r - a potion of flight
 B - a potion of cancellation
 G - a potion of heal wounds
 H - a potion of curing


   Skills:
 + Level 5.5 Fighting
 - Level 0.3 Short Blades
 + Level 4.6 Dodging
 - Level 2.4 Stealth
 * Level 12.5 Spellcasting
 - Level 1.1 Transmutations
 * Level 11.0 Earth Magic


You had 28 spell levels left.
You knew the following spells:

 Your Spells              Type           Power        Failure   Level
a - Sandblast             Erth           100%         1%          1
b - Lee's Rapid Deconstr  Erth           30%          1%          5

Your spell library contained the following spells:

 Spells                   Type           Power        Failure   Level
 Foxfire                  Conj/Fire      60%          4%          1
 Passwall                 Tmut/Erth      36%          1%          2
 Stone Arrow              Conj/Erth      82%          1%          3
 Petrify                  Tmut/Erth      44%          3%          4


Dungeon Overview and Level Annotations

Branches:
Dungeon (9/15)             Temple (1/1) D:7          Bailey (visited)
   Lair: D:8-11         Orc: D:9-12

Altars:
Ashenzari
Cheibriados
Dithmenos
Fedhas
Gozag
Hepliaklqana
Kikubaaqudgha
Makhleb
Nemelex Xobeh
Okawaru
Qazlal
Ru
Sif Muna
Trog
Uskayaw
Vehumet
Wu Jian
Xom
Yredelemnul
Zin
The Shining One

Annotations:
D:9 Gastronok


Message History

You feel sick. The hornet completely misses you. The hornet stings you!
* * * LOW HITPOINT WARNING * * *
You feel yourself slow down.
You feel much better.
You feel yourself speed up. The hornet misses you. The hornet stings you!
You are more poisoned.
You feel yourself slow down.
You feel better.
You feel yourself speed up. The hornet barely misses you.
The hornet stings you!
You are poisoned.
You feel yourself slow down. The hornet stings you.
* * * LOW HITPOINT WARNING * * *
You feel as though you will be slow longer.
As you read the scroll of teleportation, it crumbles to dust.
You feel strangely unstable.
You feel sick. The hornet completely misses you. The hornet misses you.
You feel sick. The hornet stings you!
You die...

#.##.#.............#
###.##.#†#####.#####.#
###)########..............#
#......................####
##..###'###.###'###..#.#
#..##.##...##.##...#.#
#...###.....###....#.#
###F...#.......#.y####.#
.##.##..###'###.@.# #.#
.##......##.##..#.# #.#
.#######..###...#.# .#
.#.........#....#.#
.....####......##.# .....#
#...........
.....##........##.##
.#.####........# .# .#.#
#......##...


You could see a hornet.

Vanquished Creatures
  Erica (D:8)
  Pikel (D:6)
  Joseph (D:8)
  Sigmund (D:6)
  Duvessa (D:6)
  A sky beast (D:6)
  2 orc warriors
  An ice beast (D:7)
  An ogre (D:8)
  2 black bears
  A phantom (D:8)
  A centaur (D:9)
  A necrophage (D:8)
  A lemure (D:6)
  A big kobold (D:8)
  6 bullfrogs
  Dowan (D:6)
  5 wights
  7 howler monkeys
  A bullfrog zombie (D:4)
  3 centaur zombies
  3 hounds
  A gnoll shaman (Bailey)
  3 centaur skeletons
  4 orc priests
  7 orc wizards
  3 bullfrog skeletons
  2 iguanas
  Ijyb (D:4)
  Natasha (thrice) (D:2)
  7 worker ants
  A hound zombie (D:4)
  2 hound skeletons
  A mummy (D:8)
  A worker ant zombie (D:4)
  Robin (D:2)
  A howler monkey zombie (D:7)
  14 gnolls
  12 adders
  A shadow imp (D:7)
  3 white imps
  2 ufetubi
  2 oozes
  An adder zombie (D:4)
  3 adder skeletons
  5 worms
  2 dart slugs
  9 leopard geckos
  33 orcs
  2 ball pythons
  7 bats
  8 giant cockroaches
  16 goblins
  15 hobgoblins
  2 jackals (D:3)
  6 quokkas
  4 frilled lizards
  A giant cockroach zombie (D:4)
  A goblin zombie (D:8)
  12 kobolds
  A kobold zombie (D:8)
  A leopard gecko skeleton (D:7)
  A quokka skeleton (D:6)
  A quokka zombie (D:6)
  14 rats
260 creatures vanquished.

Vanquished Creatures (others)
  4 fungi (D:4)
  2 toadstools (D:4)
  3 withered plants (D:4)
9 creatures vanquished.

Grand Total: 269 creatures vanquished

Notes
Turn   | Place    | Note
-------+----------+-------------------------------------------
     0 | D:1      | pcat the Deep Elf Earth Elementalist began the quest for
                  | the Orb.
     0 | D:1      | Reached XP level 1. HP: 10/10 MP: 6/6
   234 | D:1      | Reached XP level 2. HP: 7/15 MP: 4/8
  1277 | D:2      | Reached XP level 3. HP: 18/19 MP: 2/10
  1366 | D:2      | Reached skill level 4 in Spellcasting
  1652 | D:2      | HP: 1/20 [leopard gecko (5)]
  2101 | D:2      | Reached XP level 4. HP: 24/24 MP: 7/12
  2225 | D:2      | Noticed Robin
  2315 | D:2      | Killed Robin
  2316 | D:2      | Reached skill level 1 in Fighting
  2583 | D:2      | Found a basalt altar of Yredelemnul.
  2759 | D:2      | Noticed Natasha
  2780 | D:2      | Killed Natasha
  2781 | D:2      | Reached skill level 5 in Spellcasting
  2781 | D:2      | Reached XP level 5. HP: 25/29 MP: 9/14
  3030 | D:2      | Noticed Natasha
  3033 | D:2      | Killed Natasha
  3155 | D:2      | Noticed Natasha
  3159 | D:2      | Killed Natasha
  3160 | D:2      | Reached skill level 5 in Earth Magic
  3204 | D:3      | Learned a level 5 spell: Lee's Rapid Deconstruction
  3550 | D:3      | Reached XP level 6. HP: 34/34 MP: 11/16
  4021 | D:3      | Found an iron altar of Okawaru.
  4056 | D:3      | Reached skill level 6 in Spellcasting
  4517 | D:3      | Found a hide-covered altar of Uskayaw.
  4517 | D:3      | Found a burning altar of Makhleb.
  4784 | D:4      | Noticed Ijyb
  4797 | D:4      | Killed Ijyb
  5433 | D:4      | Reached XP level 7. HP: 32/40 MP: 2/19
  5677 | D:4      | Reached skill level 7 in Spellcasting
  7198 | D:5      | Entered Level 5 of the Dungeon
  7819 | D:5      | Reached skill level 8 in Spellcasting
  7902 | D:5      | Found a sparkling altar of Nemelex Xobeh.
  8354 | D:5      | Reached XP level 8. HP: 40/45 MP: 16/22
  8786 | D:6      | Noticed Sigmund
  9065 | D:6      | Killed Sigmund
  9066 | D:6      | Reached skill level 9 in Spellcasting
  9071 | D:6      | Noticed Duvessa
  9516 | D:6      | Found a snail-covered altar of Cheibriados.
  9534 | D:6      | Identified the +6 quarterstaff of Forgiveness {vorpal,
                  | +Rage rF+ Will+}
  9534 | D:6      | Noticed Dowan
 10249 | D:6      | Noticed Pikel
 10257 | D:6      | Killed Pikel
 10258 | D:6      | Reached skill level 10 in Spellcasting
 10258 | D:6      | Reached XP level 9. HP: 48/52 MP: 4/25
 10727 | D:6      | Killed Duvessa
 10731 | D:6      | Killed Dowan
 11032 | D:7      | Found a flagged portal.
 11044 | Bailey   | Entered a bailey
 11271 | D:7      | Found a staircase to the Ecumenical Temple.
 11288 | Temple   | Entered the Ecumenical Temple
 11421 | Temple   | Became a worshipper of Vehumet
 11831 | D:7      | Reached skill level 11 in Spellcasting
 12358 | D:7      | Reached skill level 10 in Earth Magic
 12552 | D:8      | Noticed Joseph
 12557 | D:8      | Killed Joseph
 12558 | D:8      | Reached skill level 5 in Fighting
 12672 | D:8      | Reached * piety under Vehumet
 12672 | D:8      | Offered knowledge of Foxfire by Vehumet.
 12673 | D:8      | Reached XP level 10. HP: 59/59 MP: 21/27
 12703 | D:8      | Noticed Erica
 12851 | D:9      | Reached skill level 12 in Spellcasting
 12992 | D:9      | Noticed Gastronok
 13297 | D:8      | Killed Erica
 14308 | D:8      | Paralysed by a hornet for 1 turns
 14316 | D:8      | Paralysed by a hornet for 1 turns
 14324 | D:8      | Slain by a hornet

Illustrated notes

Levels and vault maps discovered:
D:1:      nzn_arrival_crosshair, layout_loops_corners
D:2:      layout_basic, lemuel_round_altar, minmay_octomino_c4, uniq_robin,
          uniq_natasha
D:3:      layout_basic, gammafunk_temple_overflow_statue,
          okawaru_metal_pillars_1_2
D:4:      layout_gridville, serial_undead, serial_undead_b, serial_undead_b,
          serial_undead_a, serial_undead_e, chequers_mini_garden,
          minmay_gold_behind_fungi, uniq_ijyb
D:5:      layout_loops_ring, gup_sewer_entry_bowl, nemelex_diamond_rough_becter
D:6:      layout_rooms, cheibriados_altar_1, uniq_duvessa, uniq_sigmund,
          uniq_pikel
D:7:      layout_rooms, temple_green, enter_bailey_4
D:8:      layout_basic, nicolae_ossuary_entry_giza, makhleb_blood_cavern_becter,
          uniq_erica, uniq_joseph
D:9:      layout_loops_cross, elyvilon_altar_4, erik_orc_2, uniq_gastronok,
          uniq_maggie
Temple:   nicolae_temple_elliptical

Skill      XL: |  1  2  3  4  5  6  7  8  9 10 |
---------------+-------------------------------+-----
Spellcasting   | 4 5 6 8 10 11 12 | 12.5
Earth Magic    | 4 5 6 7 9 10 11 | 11.0
Fighting       | 1 2 4 5 |  5.5
Dodging        | 3 4 |  4.6
Short Blades   | |  0.3
Stealth        | |  2.4
Transmutations | |  1.1

Action                   |  1- 3 |  4- 6 |  7- 9 | 10-12 || total
-------------------------+-------+-------+-------+-------++-------
Melee: Dagger            |    78 |   140 |    17 |       ||   235
       Short sword       |       |       |   103 |    12 ||   115
 Cast: Sandblast         |    35 |    88 |    59 |     8 ||   190
       Lee's Rapid Decon |       |     6 |    89 |    41 ||   136
  Use: Potion            |       |     2 |     2 |     3 ||     7
       Scroll            |       |       |    18 |     1 ||    19
 Stab: Sleeping          |     5 |     4 |     1 |       ||    10
Armor: Robe              |    14 |    19 |    14 |     5 ||    52
Dodge: Dodged            |    65 |   118 |   118 |    37 ||   338
